 Dungeon Crawl Stone Soup version 0.25-a0-597-gb30770a0c0 (webtiles) character file.

Game seed: 1752107705851893180, levelgen mode: deterministic

233 Glundar the Chopper (level 5, -1/41 HPs)
             Began as a Demonspawn Fighter on Mar 15, 2020.
             Killed by nerve-wracking pain
             ... invoked by Grinder
              (14 damage)
             ... on level 3 of the Dungeon.
             The game lasted 00:13:04 (2241 turns).

Glundar the Chopper (Demonspawn Fighter)            Turns: 2241, Time: 00:13:04

Health: -1/41      AC:  9    Str: 17    XL:     5   Next: 74%
Magic:  5/5        EV:  4    Int: 10    God:
Gold:   120        SH: 13    Dex: 12    Spells: 4/4 levels left

rFire    . . .     SeeInvis .   a - +0 war axe
rCold    . . .     Gourm    .   h - +0 tower shield
rNeg     . . .     Faith    .   b - +0 scale mail
rPois    .         Spirit   .   (helmet restricted)
rElec    .         Reflect  .   (no cloak)
rCorr    .         Harm     .   (no gloves)
MR       .....                  p - +0 pair of boots
Stlth    ..........             (no amulet)
HPRegen  0.13/turn              (no ring)
MPRegen  0.09/turn              (no ring)

@: mighty
A: antennae 1, icy blue scales 1, powered by pain 2
a: no special abilities


You were on level 3 of the Dungeon.
You were hungry.

You visited 1 branch of the dungeon, and saw 3 of its levels.

You collected 120 gold pieces.

Inventory:

Hand Weapons
 a - a +0 war axe (weapon)
Armour
 b - a +0 scale mail (worn)
 h - a +0 tower shield (worn)
 p - a +0 pair of boots (worn)
Jewellery
 s - an uncursed ring of resist corrosion {unknown}
Scrolls
 i - a scroll of amnesia {unknown}
 j - a scroll of teleportation {unknown}
 k - 2 scrolls of identify {unknown}
 m - a scroll of blinking {unknown}
 n - a scroll of remove curse {unknown}
 o - a scroll of fog {unknown}
 q - a scroll of enchant weapon {unknown}
 r - a scroll of magic mapping {unknown}
Potions
 c - a potion of brilliance {unknown}
 d - a potion of might
 e - 3 potions of curing {unknown}
 g - a potion of heal wounds {unknown}
 l - 3 potions of lignification {unknown}
 t - a potion of degeneration {unknown}
 v - a potion of stabbing {unknown}
Comestibles
 f - 3 rations


   Skills:
 - Level 3.0 Fighting
 + Level 5.5 Axes
 - Level 2.6 Armour
 - Level 2.6 Shields


You had 4 spell levels left.
You didn't know any spells.
Your spell library was empty.

Dungeon Overview and Level Annotations

Branches:
Dungeon (3/15)

Altars:
Nemelex Xobeh

Annotations:
D:3 Grinder


Innate Abilities, Weirdness & Mutations

You have a pair of small antennae on your head.
You are partially covered in icy blue scales. (AC +2)
You sometimes gain power by taking damage.


Message History

Grinder barely misses you.
You closely miss Grinder.
Grinder is almost dead.
Grinder hits you but does no damage. Grinder gestures at you.
You suddenly lose the ability to move!
Grinder hits you but does no damage. Grinder gestures at you.
Pain shoots through your body!
* * * LOW HITPOINT WARNING * * *
Grinder blinks!
Grinder says, "Tell me all your secrets, or I'll kill you."
Grinder blinks!
You can move again.
Grinder blinks!
You see here 24 bolts.
You see here a hobgoblin corpse.
Grinder gestures at you. Pain shoots through your body!
You die...

#..........#
#........#
.....#.######
##>..##### .....#.
#..#.#########
#.##..†(...5..
##.##########..
.... #..# ##. ...#
#.## #. ..#
#######5###### ##
#.###...@........#
#.##..####.####.##
#......# #.####.#
#......# #.##...#
#......# #.##<###
#g##..## #.#..#
..#..####.###.#
#...## .......#..#
#.# #.###
.......#.##
#.####.#


You could see Grinder.

Vanquished Creatures
  A sky beast (D:3)
  A crimson imp (D:2)
  An orc priest (D:2)
  2 adders (D:2)
  2 oozes
  A worm (D:2)
  A dart slug (D:1)
  2 leopard geckos (D:1)
  8 bats
  4 giant cockroaches
  3 goblins
  4 hobgoblins
  2 jackals (D:2)
  6 kobolds
  3 frilled lizards (D:2)
  7 rats
48 creatures vanquished.

Notes
Turn   | Place    | Note
-------+----------+-------------------------------------------
     0 | D:1      | Glundar the Demonspawn Fighter began the quest for the Orb.
     0 | D:1      | Reached XP level 1. HP: 18/18 MP: 1/1
    13 | D:1      | Reached skill level 2 in Axes
    62 | D:1      | Gained mutation: You sometimes gain a little power by
                  | taking damage. [demonic ancestry]
    62 | D:1      | Reached XP level 2. HP: 21/24 MP: 2/2
   301 | D:1      | Reached skill level 3 in Axes
   364 | D:1      | Gained mutation: You are partially covered in icy blue
                  | scales. (AC +2) [demonic ancestry]
   364 | D:1      | Reached XP level 3. HP: 24/29 MP: 3/3
   821 | D:2      | Found a sparkling altar of Nemelex Xobeh.
  1281 | D:2      | Reached skill level 4 in Axes
  1281 | D:2      | Gained mutation: You sometimes gain power by taking damage.
                  | [demonic ancestry]
  1281 | D:2      | Reached XP level 4. HP: 23/35 MP: 4/4
  1743 | D:2      | Gained mutation: You have a pair of small antennae on your
                  | head. [demonic ancestry]
  1743 | D:2      | Reached XP level 5. HP: 41/41 MP: 5/5
  2053 | D:3      | Noticed a sky beast
  2067 | D:3      | Killed a sky beast
  2067 | D:3      | Reached skill level 5 in Axes
  2169 | D:3      | Noticed Grinder
  2180 | D:3      | Paralysed by Grinder for 7 turns
  2210 | D:3      | Paralysed by Grinder for 7 turns
  2241 | D:3      | Killed from afar by Grinder

Levels and vault maps discovered:
D:1:      lightli_arrival_boilingwater, layout_rooms, minmay_worlds_worst_comb
D:2:      kb_forest_paths, layout_basic, nemelex_altar_shiori
D:3:      layout_rooms, grunt_decor_fettered, uniq_grinder

Skill      XL: |  1  2  3  4  5 |
---------------+----------------+-----
Axes           | 2 3 4 5 |  5.5
Fighting       | |  3.0
Armour         | |  2.6
Shields        | |  2.6

Action                   |  1- 3 |  4- 6 || total
-------------------------+-------+-------++-------
Melee: War axe           |   166 |    65 ||   231
  Use: Potion            |       |     1 ||     1
  Eat: Chunk             |     1 |     3 ||     4
Armor: Scale mail        |    94 |    38 ||   132
Dodge: Dodged            |    37 |    10 ||    47
Block: Kite shield       |    13 |       ||    13
       Tower shield      |   136 |    32 ||   168

Table legend:
 A = Non-vault XP
 B = Vault XP
 C = Vault XP percentage of total XP
 D = Non-vault monster count
 E = Vault monster count
 F = Vault count percentage of total count
                 A         B        C        D         E       F
            +---------+---------+-------+---------+---------+-------
      Total |     222 |     111 |  33.3 |      39 |       9 |  18.8
            +---------+---------+-------+---------+---------+-------
        D:1 |      42 |       6 |  12.5 |      20 |       3 |  13.0
        D:2 |      45 |     105 |  70.0 |      16 |       6 |  27.3
        D:3 |     135 |       0 |   0.0 |       3 |       0 |   0.0
            +---------+---------+-------+---------+---------+-------
